Map: Submarine LE

Players

SpeCial - Winner!

  • Race: Terran Terran
  • Spawn Location: 5:00

JimRising

  • Race: Zerg Zerg
  • League: Grandmaster
  • Spawn Location: 11:00

Event: DreamHack SC2 Masters 2020 Summer Latin America

VOD

Have the link to the VOD?

Description

Time

  • Played on: June 26, 2020, 4:38 p.m.
  • Length: 8:55

All games in this series

Show
View Real Time Build Order
Export as new Build Order

SpeCial Terran - Winner!

Build Orders: Hellion Opening, Reaper Expand 

Get SALT Encoding   

  12  0:01  SCV  
  13  0:13  SCV  
  14  0:17  Supply Depot  
  14  0:25  SCV  
  15  0:38  SCV  
  15  0:40  Barracks  
  16  0:43  Refinery  
  16  0:50  SCV  
  17  1:02  SCV  
  18  1:15  SCV  
  19  1:28  Reaper, Orbital Command  
  20  1:40  Command Center  
  20  1:51  Supply Depot  
  20  1:54  SCV  
  20  1:59  Marine  
  22  2:06  SCV  
  23  2:09  Factory  
  23  2:17  Refinery  
  23  2:18  SCV  
  23  2:21  Barracks Reactor  
  24  2:30  SCV  
  25  2:46  SCV  
  26  2:55  Orbital Command, Starport  
  26  2:58  SCV  
  27  3:05  Barracks Tech Lab  
  27  3:06  Hellion x2  
  27  3:10  SCV  
  32  3:17  Supply Depot  
  32  3:27  Hellion x2  
  32  3:31  Viking  
  32  3:32  Marauder  
  40  3:39  Supply Depot  
  40  3:45  SCV x2  
  42  3:49  Hellion x2  
  42  3:54  Marauder  
  48  4:00  Concussive Shells  
  48  4:01  Medivac  
  48  4:02  Supply Depot  
  50  4:05  Armory  
  50  4:16  Hellion  
  52  4:18  Hellion  
  56  4:24  Marauder  
  56  4:25  Supply Depot  
  56  4:37  Liberator  
  59  4:45  Hellion x2  
  63  4:47  Supply Depot  
  63  4:49  SCV  
  64  4:58  SCV  
  65  5:06  Hellion x2  
  69  5:12  SCV x2  
  63  5:22  Orbital Command  
  63  5:24  SCV  
  57  5:34  Liberator  
  56  5:39  SCV  
  57  5:48  SCV  
  54  5:58  SCV, Hellion x2  
  54  5:59  Stimpack, Marine  
  54  6:00  SCV  
  61  6:10  SCV  
  62  6:12  Supply Depot  
  62  6:16  SCV  
  61  6:18  Marine  
  62  6:30  SCV, Engineering Bay  
  62  6:33  SCV  
  62  6:35  Factory Reactor  
  62  6:36  Marine  
  62  6:38  Supply Depot  
  62  6:42  SCV  
  62  6:43  Viking, Supply Depot  
  62  6:45  SCV  
  61  6:48  Viking  
  61  6:54  SCV, Marine  
  57  6:58  SCV  
  47  7:02  Bunker  
  47  7:04  Missile Turret  
  47  7:07  SCV  
  47  7:08  Missile Turret  
  48  7:10  SCV  
  48  7:11  Missile Turret  
  48  7:12  Missile Turret, Marine  
  48  7:15  Viking  
  52  7:19  SCV  
  52  7:22  SCV  
  51  7:23  Viking  
  51  7:29  Marine  
  51  7:31  SCV  
  51  7:35  SCV  
  50  7:37  Widow Mine  
  50  7:38  Widow Mine  
  50  7:43  Bunker  
  54  7:47  Marine  
  55  7:52  Viking  
  55  7:53  Viking  
  53  8:00  SCV  
  53  8:05  Marine  
  54  8:08  SCV  
  50  8:17  Widow Mine x2  
  50  8:23  Marine  
  50  8:26  Supply Depot  
  50  8:28  Supply Depot  
Show
View Real Time Build Order
Export as new Build Order

JimRising Zerg 

Build Orders: Hatch First 

Get SALT Encoding   

  12  0:00  Drone  
  13  0:12  Overlord  
  13  0:17  Drone  
  14  0:30  Drone x2  
  16  0:48  Hatchery  
  15  0:51  Drone  
  15  0:54  Drone  
  17  0:58  Drone  
  17  1:02  Extractor  
  17  1:14  Spawning Pool  
  17  1:17  Drone  
  17  1:20  Drone  
  18  1:28  Drone  
  19  1:38  Drone  
  20  1:50  Overlord  
  20  2:01  Queen x2  
  22  2:02  Zergling x4  
  22  2:06  Metabolic Boost  
  26  2:11  Drone  
  26  2:13  Drone  
  28  2:21  Drone  
  29  2:29  Drone  
  29  2:33  Drone x2  
  31  2:41  Queen x2  
  35  2:45  Overlord  
  35  2:50  Overlord  
  35  2:55  Drone x2  
  36  3:08  Zergling x4  
  36  3:12  Drone x4  
  42  3:13  Drone x2  
  42  3:17  Drone  
  45  3:21  Drone  
  46  3:34  Drone  
  46  3:35  Lair  
  46  3:36  Queen  
  46  3:37  Overlord  
  49  3:43  Zergling x4  
  49  3:48  Extractor  
  50  3:49  Drone, Extractor  
  50  3:50  Spore Crawler  
  49  4:01  Hatchery  
  49  4:07  Overlord, Drone  
  49  4:08  Drone, Extractor  
  49  4:09  Drone x4  
  54  4:10  Spine Crawler  
  53  4:19  Overlord  
  52  4:28  Zergling x12  
  58  4:35  Drone  
  58  4:36  Spire  
  58  4:41  Overlord  
  58  4:45  Queen  
  60  4:50  Spine Crawler  
  59  4:53  Zergling x2  
  59  4:57  Overlord  
  56  5:03  Zergling x2, Spine Crawler  
  56  5:04  Zergling x2  
  56  5:06  Zergling x2  
  57  5:15  Zergling x6  
  57  5:17  Zergling x4  
  57  5:19  Zergling x2  
  63  5:23  Zergling x2  
  60  5:29  Zergling x4  
  60  5:33  Zergling x6  
  61  5:37  Zergling x4  
  61  5:40  Zergling x4  
  57  5:48  Zergling x2  
  49  5:52  Mutalisk  
  47  6:02  Mutalisk  
  49  6:08  Mutalisk  
  45  6:21  Mutalisk x2  
  45  6:25  Mutalisk  
  46  6:30  Queen  
  49  6:35  Mutalisk  
  51  6:42  Zergling x2  
  52  6:48  Mutalisk  
  40  7:05  Mutalisk  
  42  7:13  Zergling x2  
  43  7:25  Mutalisk  
  37  7:37  Mutalisk  
Tags
 
Add a new tag
Caveats
  • Supply blocks, unpowered buildings, or Contaminate may cause inaccurate times.
  • Supply counts are checked every 10 seconds.